AoeStats
← Ming

Black Forest

511031483Analyzed
2v2 RM · 4h ago on Oct 3, 2026· 61m 1s· 4 players
Game mode
Random Map
Map size
Medium (4 player)
Population
200
Speed
Normal
Resources
Standard
Victory
Conquest
Starting age
Dark Age
Ending age
Imperial Age
RankedLock teamsTeams togetherTeam positionsShared explorationLock speedFull tech treeHidden civsTurbo modeCheats
Victory
Defeat
🇹🇼 Byzantines · Taiwan
926
+13
🇹🇼 Varangians · Taiwan
872
+22
🇨🇳 Persians · China
874
-15
🇭🇰 Persians · Hong Kong SAR China
857
-14
Ming
0:33 Loom
12:13 Feudal Age
15:55 Horse Collar
16:47 Double-Bit Axe
22:28 Castle Age
20:25 Stone Mining
20:36 Gold Mining
28:16 Imperial Age
26:29 Wheelbarrow
30:29 Pikeman
31:09 Squires
30:55 Arson
32:28 Halberdier
33:54 Hand Cart
34:44 Chemistry
38:06 Bow Saw
38:00 Heavy Plow
38:37 Gold Shaft Mining
40:58 Onager
41:48 Scale Barding Armor
41:54 Forging
41:34 Fletching
41:55 Elite War Elephant
42:56 Conscription
45:31 Elite Skirmisher
46:58 Bloodlines
46:49 Husbandry
51:00 Chain Barding Armor
50:40 Scale Mail Armor
51:16 Iron Casting
50:36 Bodkin Arrow
51:13 Light Cavalry
52:47 Plate Barding Armor
52:54 Stone Shaft Mining
旺旺
11:56 Feudal Age
12:44 Double-Bit Axe
19:32 Castle Age
18:17 Stone Mining
18:14 Horse Collar
20:04 Heavy Plow
20:19 Bow Saw
21:09 Gold Mining
28:38 Imperial Age
27:45 Wheelbarrow
29:27 Crop Rotation
30:03 Two-Man Saw
31:06 Hand Cart
32:15 Gold Shaft Mining
32:17 Scale Barding Armor
35:28 Chain Barding Armor
35:19 Forging
35:09 Scale Mail Armor
35:25 Elite War Elephant
35:52 Pikeman
36:32 Squires
36:22 Arson
36:42 Husbandry
36:53 Bloodlines
38:11 Plate Barding Armor
38:12 Iron Casting
37:18 Halberdier
38:47 Conscription
39:16 Chain Mail Armor
41:41 Blast Furnace
41:57 Plate Mail Armor
55:00 Cavalier
56:03 Savar
George
0:33 Loom
14:45 Feudal Age
15:45 Double-Bit Axe
21:02 Castle Age
22:45 Bow Saw
24:34 Horse Collar
26:22 Wheelbarrow
25:56 Heavy Plow
25:48 Gold Mining
29:05 Fortified Wall
29:20 Hand Cart
29:35 Caravan
33:17 Imperial Age
32:03 Gold Shaft Mining
32:51 Husbandry
32:13 Light Cavalry
33:02 Scale Barding Armor
33:08 Forging
34:34 Chain Barding Armor
36:00 Iron Casting
35:25 Scale Mail Armor
34:51 Pikeman
35:32 Squires
35:18 Arson
35:18 Gambesons
34:58 Heavy Camel Rider
36:22 Crop Rotation
36:03 Stone Mining
36:36 Hussar
38:23 Chemistry
38:40 Plate Barding Armor
44:24 Ballistics
44:36 Fletching
44:12 Elite Skirmisher
44:57 Thumb Ring
44:29 Halberdier
45:53 Conscription
45:47 Logistica
46:32 Bodkin Arrow
46:12 Elite Cataphract
47:51 Bombard Tower
47:49 Chain Mail Armor
47:35 Bracer
47:35 Padded Archer Armor
49:26 Two-Man Saw
宇.
12:38 Feudal Age
11:56 Loom
14:08 Double-Bit Axe
14:21 Horse Collar
22:00 Castle Age
20:41 Bloodlines
21:52 Wheelbarrow
23:02 Husbandry
23:21 Bow Saw
23:12 Heavy Plow
23:05 Gold Mining
23:26 Scale Barding Armor
23:32 Forging
25:05 Chain Barding Armor
27:27 Hand Cart
27:59 Iron Casting
27:24 Stone Mining
33:29 Imperial Age
32:23 Stone Shaft Mining
34:47 Plate Barding Armor
35:12 Blast Furnace
36:05 Conscription
35:08 Elite Jarl
36:42 Vendel Legacy
37:15 Arson
37:32 Squires
37:19 Gambesons
37:39 Scale Mail Armor
38:41 Guilds
38:40 Caravan
38:46 Town Watch
39:20 Chain Mail Armor
39:58 Gothikon
42:59 Siege Engineers
Connection lost

Rejoining the realm…

Still unreachable

The connection could not be restored.

Session expired

The server has moved on; the page needs a fresh start.